Map: Lightshade LE

Players

Epic - Winner!

  • Race: Terran Terran
  • League: Grandmaster
  • Spawn Location: 5:00

MaSa

  • Race: Terran Terran
  • League: Master
  • Spawn Location: 11:00

Event: DreamHack SC2 Masters 2020 Winter

VOD

Have the link to the VOD?

Description

Time

  • Played on: Oct. 17, 2020, 8:34 p.m.
  • Length: 10:39

All games in this series

Show
View Real Time Build Order
Export as new Build Order

Epic Terran - Winner!

Build Orders:  

Get SALT Encoding   

  12  0:00  SCV  
  13  0:12  SCV  
  14  0:18  Supply Depot  
  14  0:24  SCV  
  15  0:40  Barracks  
  15  0:44  Refinery  
  15  0:59  Barracks  
  15  1:01  SCV  
  16  1:13  SCV  
  17  1:27  Orbital Command  
  17  1:28  Reaper  
  17  1:31  Refinery  
  18  1:47  Reaper  
  18  1:53  SCV  
  20  1:57  Supply Depot  
  20  2:00  Reaper  
  21  2:05  SCV  
  22  2:17  SCV  
  22  2:19  Reaper  
  24  2:29  SCV  
  25  2:36  Reaper  
  26  2:41  SCV  
  26  2:53  SCV, Factory  
  26  2:55  Reaper  
  27  3:04  Command Center  
  27  3:05  SCV  
  27  3:09  Reaper  
  28  3:12  Supply Depot  
  28  3:17  SCV  
  28  3:29  SCV  
  28  3:39  Starport  
  29  3:41  SCV  
  29  3:42  Factory Tech Lab  
  29  3:53  Command Center  
  29  3:54  SCV  
  30  4:00  Cyclone  
  33  4:06  SCV  
  34  4:15  Viking  
  36  4:17  Orbital Command  
  36  4:18  SCV  
  37  4:30  SCV  
  38  4:32  Cyclone  
  41  4:40  Orbital Command  
  41  4:44  SCV  
  42  4:47  Starport Tech Lab  
  42  4:57  SCV  
  42  4:58  Barracks x2  
  43  5:06  SCV  
  44  5:07  Barracks Tech Lab  
  44  5:08  Orbital Command  
  44  5:09  SCV  
  44  5:13  Siege Tank  
  48  5:20  SCV  
  48  5:21  SCV, Raven  
  51  5:35  SCV x3  
  53  5:42  Marine  
  54  5:47  SCV x3  
  57  5:50  Marine x2  
  57  5:51  Stimpack  
  57  5:53  Refinery  
  57  5:54  Refinery  
  59  5:59  SCV x3  
  59  6:01  Marine  
  60  6:11  Barracks Reactor x2  
  60  6:13  SCV  
  60  6:14  SCV x2  
  60  6:18  Engineering Bay, Barracks x2  
  63  6:23  Engineering Bay  
  63  6:24  Starport Reactor  
  63  6:27  SCV x3  
  63  6:31  Marine  
  67  6:35  Supply Depot  
  67  6:37  Orbital Command  
  67  6:40  SCV x2  
  69  6:49  Terran Infantry Weapons Level 1  
  69  6:50  Supply Depot x2  
  69  6:51  Supply Depot  
  69  6:56  SCV, Marine, Siege Tank  
  69  6:58  Terran Infantry Armor Level 1  
  74  7:03  SCV  
  74  7:05  Marine x2  
  74  7:06  Marine x2  
  79  7:09  SCV x2  
  79  7:13  Medivac  
  79  7:15  SCV  
  84  7:18  Medivac  
  84  7:20  Barracks Reactor x2  
  86  7:24  Supply Depot  
  86  7:25  SCV x2  
  86  7:27  SCV  
  86  7:29  Marine x3  
  91  7:31  Combat Shield  
  91  7:36  Supply Depot  
  91  7:43  SCV x3  
  93  7:45  Siege Tank  
  93  7:46  Marine x3  
  93  7:50  Supply Depot  
  93  7:51  Supply Depot  
  99  7:55  SCV x2  
  99  7:56  SCV, Armory  
  102  8:01  Marine x2  
  102  8:02  Marine x4  
  107  8:05  Medivac  
  107  8:12  Medivac  
  104  8:14  SCV x3  
  104  8:18  Marine  
  104  8:19  Siege Tank  
  101  8:20  Refinery  
  101  8:21  Refinery, Marine x4  
  101  8:23  Marine x2  
  101  8:24  Marine  
  101  8:25  Marine  
  109  8:36  Marine  
  109  8:37  Medivac  
  109  8:39  Marine x4  
  109  8:41  Marine x2  
  118  8:42  Medivac, Marine  
  118  8:43  Marine  
  122  8:49  Supply Depot  
  122  8:51  Factory  
  122  8:52  Missile Turret  
  122  8:53  Missile Turret  
  122  8:54  Marine  
  123  8:57  Marine x4  
  123  8:58  Marine x2  
  123  8:59  Siege Tank  
  125  9:06  Marine x2  
  127  9:11  Marine  
  127  9:14  Medivac x2, Marine  
  132  9:23  Missile Turret  
  130  9:27  Marine x6  
  131  9:37  SCV x3, Factory Tech Lab  
  134  9:43  Missile Turret  
  134  9:44  Marine x4  
  134  9:45  Marine x2  
  138  9:46  Medivac, Command Center  
  140  9:53  Medivac  
  140  9:55  SCV x3  
  145  10:02  Siege Tank  
  145  10:05  Marine  
  149  10:09  Missile Turret  
  149  10:11  Missile Turret  
  149  10:13  Supply Depot  
  149  10:22  Supply Depot  
  149  10:24  Supply Depot  
Show
View Real Time Build Order
Export as new Build Order

MaSa Terran 

Build Orders: Gas First Reaper Expand 

Get SALT Encoding   

  12  0:00  SCV  
  13  0:12  SCV  
  14  0:17  Supply Depot  
  14  0:24  SCV  
  14  0:27  Refinery  
  15  0:38  SCV  
  16  0:44  Barracks  
  16  0:50  SCV  
  17  1:03  SCV  
  18  1:15  SCV  
  19  1:30  Reaper, Orbital Command  
  20  1:43  Command Center  
  20  1:52  Factory  
  20  1:58  SCV  
  21  2:04  Barracks Reactor, Refinery  
  21  2:13  Bunker, Marine  
  21  2:21  Supply Depot, Bunker  
  21  2:22  SCV  
  21  2:33  Marine  
  21  2:36  Hellion  
  21  2:41  Engineering Bay  
  21  2:50  SCV  
  21  2:52  Marine  
  21  2:58  Hellion  
  24  3:03  SCV  
  24  3:04  Starport  
  24  3:10  Marine  
  25  3:15  SCV  
  28  3:20  Hellion  
  28  3:27  SCV  
  29  3:36  Barracks Reactor  
  29  3:39  SCV  
  29  3:41  Command Center  
  30  3:43  Supply Depot  
  30  3:51  SCV  
  31  4:00  Factory Tech Lab  
  31  4:04  SCV, Medivac  
  34  4:12  Marine x2  
  34  4:17  SCV  
  37  4:18  Supply Depot  
  37  4:29  SCV  
  37  4:30  Marine  
  39  4:40  Cyclone  
  39  4:41  SCV  
  39  4:44  Starport Tech Lab  
  43  4:53  SCV  
  43  4:56  Marine x2  
  46  5:00  Refinery  
  46  5:02  Raven  
  46  5:05  SCV  
  49  5:18  Orbital Command, Command Center  
  49  5:21  SCV  
  50  5:29  Siege Tank  
  50  5:33  SCV  
  48  5:37  Marine x2  
  50  5:45  SCV  
  50  5:49  SCV  
  52  5:57  SCV  
  52  6:01  SCV, Siege Tank  
  56  6:16  SCV, Barracks  
  55  6:23  Viking x2, Stimpack, Marine, Barracks  
  55  6:25  SCV  
  61  6:29  SCV  
  62  6:34  Orbital Command  
  62  6:37  SCV  
  62  6:38  Siege Tank  
  66  6:41  SCV  
  66  6:44  Marine  
  66  6:46  Refinery  
  68  6:49  SCV  
  68  6:51  Supply Depot  
  68  6:53  SCV  
  70  6:57  Viking  
  72  7:01  Viking, SCV  
  72  7:05  SCV  
  76  7:09  Engineering Bay  
  76  7:12  Engineering Bay  
  76  7:13  Barracks Reactor  
  76  7:14  Barracks Reactor  
  76  7:15  SCV  
  77  7:20  SCV  
  78  7:26  Supply Depot  
  78  7:27  SCV, Supply Depot  
  78  7:29  Viking, Orbital Command  
  82  7:32  Viking  
  82  7:34  SCV  
  84  7:39  SCV  
  85  7:44  Siege Tank  
  85  7:48  SCV  
  85  7:50  Terran Infantry Weapons Level 1  
  86  7:51  SCV  
  86  7:53  Marine x3  
  86  7:57  Terran Infantry Armor Level 1  
  86  7:58  SCV  
  91  8:00  SCV  
  91  8:03  SCV  
  93  8:10  SCV  
  86  8:18  SCV x2  
  82  8:20  Medivac x2  
  82  8:22  SCV  
  82  8:25  Marine  
  82  8:26  Combat Shield  
  88  8:28  Barracks  
  88  8:29  Siege Tank  
  88  8:30  SCV  
  88  8:31  SCV, Barracks  
  88  8:33  Refinery  
  93  8:34  SCV, Refinery  
  93  8:36  Marine x4  
  98  8:43  Marine  
  98  8:45  Supply Depot x2  
  99  8:51  SCV x2  
  99  8:52  Supply Depot  
  101  8:56  Supply Depot  
  101  8:58  Sensor Tower  
  101  9:07  SCV x2, Medivac, Marine x5  
  108  9:11  Medivac  
  107  9:18  SCV  
  107  9:22  SCV, Orbital Command  
  105  9:24  Marine  
  105  9:25  Supply Depot, Marine  
  105  9:27  Marine x2  
  105  9:29  Supply Depot  
  106  9:34  Marine  
  106  9:37  Liberator  
  106  9:38  Barracks Reactor x2  
  107  9:42  Marine x2  
  107  9:44  SCV  
  107  9:45  Marine x2  
  108  9:48  SCV  
  104  9:53  SCV  
  104  9:56  Armory  
  104  9:58  Marine  
  106  10:00  Sensor Tower  
  106  10:03  SCV x2  
  106  10:05  SCV  
  109  10:07  Marine x2  
  109  10:08  Marine x2  
  115  10:15  SCV  
  115  10:16  Marine  
  115  10:19  SCV x2  
  124  10:22  Refinery  
Tags
 
Add a new tag
Caveats
  • Supply blocks, unpowered buildings, or Contaminate may cause inaccurate times.
  • Supply counts are checked every 10 seconds.